SOL
MONTGOMERY REBELS @ MOBILE BEARS
06/19/1982
 
TOP OF THE 1ST
Montgomery Rebels batting - Pitching for Mobile Bears : RHP Jose Villamil
Pitching: RHP Jose Villamil
Batting: LHB Chris Stropolo 0-0: Called Strike
0-1: Foul Ball, location: 2F
0-2: Ball
1-2: Foul Ball, location: 2F
1-2: Ball
2-2: Ball
3-2: Hit by Pitch
Batting: RHB Jarrett Sterner 0-0: Ball
Chris Stropolo steals 2nd base
1-0: Ball
2-0: Called Strike
2-1: Swinging Strike
2-2: Foul Ball, location: 2F
2-2: Strikes out swinging
Batting: LHB Dwayne Murphy 0-0: Foul Ball, location: 2F
0-1: Foul Ball, location: 2F
0-2: Strikes out swinging
Batting: LHB Ray Crowley 0-0: Foul Ball, location: 2F
0-1: Foul Ball, location: 2F
0-2: Ball
1-2: Ball
2-2: Strikes out looking
Top of the 1st over - 0 runs, 0 hits, 0 errors, 1 left on base; Montgomery 0 - Mobile 0
BOTTOM OF THE 1ST
Mobile Bears batting - Pitching for Montgomery Rebels : LHP Shane Rawley
Pitching: LHP Shane Rawley
Batting: LHB Jeffrey Szczecinski 0-0: Foul Ball, location: 2F
0-1: Ball
1-1: Ground out 6-3 (Groundball, 6, EV 91.3 MPH)
Batting: RHB Bob Hendershot 0-0: Ball
1-0: Called Strike
1-1: Ball
2-1: Ball
3-1: Ground out 6-3 (Groundball, 6, EV 89.4 MPH)
Batting: LHB Franklin Stubbs 0-0: Called Strike
0-1: Ball
1-1: Fly out, F8 (Flyball, 8RD, EV 94.4 MPH)
Bottom of the 1st over - 0 runs, 0 hits, 0 errors, 0 left on base; Montgomery 0 - Mobile 0
TOP OF THE 2ND
Montgomery Rebels batting - Pitching for Mobile Bears : RHP Jose Villamil
Batting: RHB Roberto Palacios 0-0: Called Strike
0-1: DOUBLE (Line Drive, 7LM, EV 101.3 MPH)
Batting: SHB Arthur Fischetti 0-0: Ball
1-0: Ball
2-0: Swinging Strike
2-1: Fly out, F6 (Line Drive, 6, EV 63.1 MPH)
Batting: RHB Jeff Schumaker 0-0: Ball
1-0: Foul Ball, location: 2F
1-1: Swinging Strike
1-2: Ball
2-2: Ball
3-2: Base on Balls
Batting: SHB Mike Thorpe 0-0: Foul Ball, location: 2F
0-1: Foul Ball, location: 2F
0-2: Fielders Choice at 2nd, 3-6 (Groundball, 3, EV 90.6 MPH)
Roberto Palacios to third
Batting: RHB Mike Colbern 0-0: Foul Ball, location: 2F
0-1: SINGLE (Groundball, 25, EV 71.9 MPH) (infield hit)
Roberto Palacios scores
Mike Thorpe to second
Batting: LHB Chris Stropolo 0-0: Called Strike
0-1: Ball
1-1: Called Strike
1-2: Strikes out swinging
Top of the 2nd over - 1 run, 2 hits, 0 errors, 2 left on base; Montgomery 1 - Mobile 0
BOTTOM OF THE 2ND
Mobile Bears batting - Pitching for Montgomery Rebels : LHP Shane Rawley
Batting: SHB Dave Cochrane 0-0: Swinging Strike
0-1: Swinging Strike
0-2: Ball
1-2: Ball
2-2: Strikes out swinging
Batting: LHB Ken Smith 0-0: Foul Ball, location: 2F
0-1: Foul Ball, location: 2F
0-2: Fly out, F7 (Flyball, 78M, EV 82.5 MPH)
Batting: RHB Jose Aguirre 0-0: Swinging Strike
0-1: Swinging Strike
0-2: Ball
1-2: Ball
2-2: Ground out 6-3 (Groundball, 6, EV 111.3 MPH)
Bottom of the 2nd over - 0 runs, 0 hits, 0 errors, 0 left on base; Montgomery 1 - Mobile 0
TOP OF THE 3RD
Montgomery Rebels batting - Pitching for Mobile Bears : RHP Jose Villamil
Batting: RHB Jarrett Sterner 0-0: Ball
1-0: Ball
2-0: Fly out, F7 (Flyball, 7D, EV 83.1 MPH)
Batting: LHB Dwayne Murphy 0-0: Foul Ball, location: 2F
0-1: Ground out 3-1 (Groundball, 34, EV 91.3 MPH)
Batting: LHB Ray Crowley 0-0: Ball
1-0: Ball
2-0: Ball
3-0: Base on Balls
Batting: RHB Roberto Palacios 0-0: Ball
1-0: Called Strike
1-1: Swinging Strike
1-2: Ball
2-2: Ball
3-2: Strikes out looking
Top of the 3rd over - 0 runs, 0 hits, 0 errors, 1 left on base; Montgomery 1 - Mobile 0
BOTTOM OF THE 3RD
Mobile Bears batting - Pitching for Montgomery Rebels : LHP Shane Rawley
Batting: SHB Paul Hundhammer 0-0: Ground out U3 (Groundball, 3S, EV 66.3 MPH)
Batting: RHB Rick Stromer 0-0: Ball
1-0: Called Strike
1-1: Ball
2-1: Fly out, F7 (Flyball, 7LS, EV 86.9 MPH)
Batting: RHB Jim Opie 0-0: Foul Ball, location: 2F
0-1: Ball
1-1: Ground out 5-3 (Groundball, 5, EV 85.6 MPH)
Bottom of the 3rd over - 0 runs, 0 hits, 0 errors, 0 left on base; Montgomery 1 - Mobile 0
TOP OF THE 4TH
Montgomery Rebels batting - Pitching for Mobile Bears : RHP Jose Villamil
Batting: SHB Arthur Fischetti 0-0: Ball
1-0: Swinging Strike
1-1: Foul Ball, location: 2F
1-2: Ball
2-2: Ball
3-2: Fly out, F6 (Flyball, 6MD, EV 86.3 MPH)
Batting: RHB Jeff Schumaker 0-0: Ball
1-0: Called Strike
1-1: SINGLE (Groundball, 6MD, EV 98.1 MPH)
Batting: SHB Mike Thorpe 0-0: SINGLE (Groundball, 34D, EV 96.3 MPH)
Jeff Schumaker to second
Runner from 2nd tries for 3rd, SAFE, no throw by RF
Batting: RHB Mike Colbern 0-0: Ball
1-0: Ball
2-0: Ball
3-0: Called Strike
3-1: Foul Ball, location: 2F
3-2: Fly out, F7 (Line Drive, 7, EV 99.4 MPH)
Runner from 3rd tags up, SCORES, no throw by LF
Batting: LHB Chris Stropolo 0-0: Ball
1-0: Called Strike
1-1: Ground out 4-3 (Groundball, 34, EV 81.9 MPH)
Top of the 4th over - 1 run, 2 hits, 0 errors, 1 left on base; Montgomery 2 - Mobile 0
BOTTOM OF THE 4TH
Mobile Bears batting - Pitching for Montgomery Rebels : LHP Shane Rawley
Batting: LHB Jeffrey Szczecinski 0-0: Ball
1-0: Foul Ball, location: 2F
1-1: Ball
2-1: Ground out 5-3 (Groundball, 56S, EV 67.5 MPH)
Batting: RHB Bob Hendershot 0-0: Ball
1-0: Ball
2-0: Called Strike
2-1: Swinging Strike
2-2: Foul Ball, location: 2F
2-2: Fly out, F8 (Flyball, 78D, EV 98.8 MPH)
Batting: LHB Franklin Stubbs 0-0: Ball
1-0: Called Strike
1-1: Ball
2-1: Foul Ball, location: 2F
2-2: Strikes out swinging
Bottom of the 4th over - 0 runs, 0 hits, 0 errors, 0 left on base; Montgomery 2 - Mobile 0
TOP OF THE 5TH
Montgomery Rebels batting - Pitching for Mobile Bears : RHP Jose Villamil
Batting: RHB Jarrett Sterner 0-0: Called Strike
0-1: Ball
1-1: Ball
2-1: Foul Ball, location: 2F
2-2: SINGLE (Groundball, 6M, EV 98.8 MPH)
Batting: LHB Dwayne Murphy 0-0: Called Strike
0-1: Ball
1-1: Ball
2-1: Foul Ball, location: 2F
2-2: Fielders Choice at 2nd, 4-6 (Groundball, 4S, EV 86.9 MPH)
Batting: LHB Ray Crowley 0-0: Ball
1-0: Called Strike
1-1: Ball
2-1: Ball
3-1: Foul Ball, location: 2F
3-2: Fly out, F8 (Line Drive, 8LM, EV 90.0 MPH)
Batting: RHB Roberto Palacios 0-0: Called Strike
0-1: Ball
1-1: Ball
2-1: Ground out 4-3 (Groundball, 13, EV 78.8 MPH)
Top of the 5th over - 0 runs, 1 hit, 0 errors, 1 left on base; Montgomery 2 - Mobile 0
BOTTOM OF THE 5TH
Mobile Bears batting - Pitching for Montgomery Rebels : LHP Shane Rawley
Batting: SHB Dave Cochrane 0-0: Called Strike
0-1: DOUBLE (Flyball, 89XD, EV 110.6 MPH)
Batting: LHB Ken Smith 0-0: Foul Ball, location: 2F
0-1: Ground out 6-3 (Groundball, 6MS, EV 86.9 MPH)
Dave Cochrane to third
Batting: RHB Jose Aguirre 0-0: Ball
1-0: Called Strike
1-1: Swinging Strike
1-2: Reached on error, E5 (Groundball, 56S, EV 73.8 MPH)
Dave Cochrane scores
Batting: SHB Paul Hundhammer 0-0: Ball
1-0: Called Strike
1-1: Ball
2-1: Foul Ball, location: 2F
2-2: Foul Ball, location: 2F
2-2: Foul Ball, location: 2F
2-2: SINGLE (Groundball, 34S, EV 83.8 MPH) (infield hit)
Jose Aguirre to third
Batting: RHB Rick Stromer 0-0: Called Strike
0-1: Ball
1-1: Ball
2-1: Foul Ball, location: 2F
2-2: Ball
3-2: Foul Ball, location: 2F
3-2: Fly out, F5 (Popup, 56S, EV 75.0 MPH)
Batting: RHB Jim Opie 0-0: Called Strike
0-1: SINGLE (Line Drive, 8RS, EV 90.0 MPH)
Jose Aguirre scores
Paul Hundhammer to second
Runner from 2nd tries for 3rd, SAFE, throw by CF made to third
Batting: LHB Jeffrey Szczecinski 0-0: Ball
1-0: Swinging Strike
1-1: Foul Ball, location: 2F
1-2: Ball
2-2: Ball
3-2: Foul Ball, location: 2F
3-2: Foul Ball, location: 2F
3-2: Base on Balls
Jim Opie to second
Batting: RHB Bob Hendershot 0-0: Called Strike
0-1: Called Strike
0-2: Ball
1-2: Strikes out swinging
Bottom of the 5th over - 2 runs, 3 hits, 1 error, 3 left on base; Montgomery 2 - Mobile 2
TOP OF THE 6TH
Montgomery Rebels batting - Pitching for Mobile Bears : RHP Jose Villamil
Batting: SHB Arthur Fischetti 0-0: Ball
1-0: Ball
2-0: Ball
3-0: Called Strike
3-1: Foul Ball, location: 2F
3-2: Fly out, F9 (Flyball, 89S, EV 79.4 MPH)
Batting: RHB Jeff Schumaker 0-0: Swinging Strike
0-1: Foul Ball, location: 2F
0-2: Reached via error on a dropped throw from SS, E3 (Groundball, 6, EV 83.8 MPH)
Batting: SHB Mike Thorpe 0-0: Foul Ball, location: 2F
0-1: Ball
1-1: Called Strike
1-2: Grounds into double play, 6-4-3 (Groundball, 6, EV 110.0 MPH)
Top of the 6th over - 0 runs, 0 hits, 1 error, 0 left on base; Montgomery 2 - Mobile 2
BOTTOM OF THE 6TH
Mobile Bears batting - Pitching for Montgomery Rebels : LHP Shane Rawley
Batting: LHB Franklin Stubbs 0-0: Foul Ball, location: 2F
0-1: Swinging Strike
0-2: Ball
1-2: Strikes out swinging
Batting: SHB Dave Cochrane 0-0: Ground out 6-3 (Groundball, 6, EV 82.5 MPH)
Batting: LHB Ken Smith 0-0: Ball
1-0: Called Strike
1-1: Foul Ball, location: 2F
1-2: Ball
2-2: Ground out 6-3 (Groundball, 6, EV 90.6 MPH)
Bottom of the 6th over - 0 runs, 0 hits, 0 errors, 0 left on base; Montgomery 2 - Mobile 2
TOP OF THE 7TH
Montgomery Rebels batting - Pitching for Mobile Bears : RHP Jose Villamil
Batting: RHB Mike Colbern 0-0: Called Strike
0-1: SOLO HOME RUN (Flyball, 78XD, EV 90.6 MPH), Distance : 438 ft
Batting: LHB Chris Stropolo 0-0: Foul Ball, location: 2F
0-1: Ball
1-1: Ball
2-1: Foul Ball, location: 2F
2-2: Ball
3-2: Foul Ball, location: 2F
3-2: Ground out 4-3 (Groundball, 4, EV 96.9 MPH)
Batting: RHB Jarrett Sterner 0-0: Ball
1-0: Foul Ball, location: 2F
1-1: Ball
2-1: Foul Ball, location: 2F
2-2: Strikes out swinging
Batting: LHB Dwayne Murphy 0-0: Foul Ball, location: 2F
0-1: SOLO HOME RUN (Flyball, 89XD, EV 98.8 MPH), Distance : 385 ft
Batting: LHB Ray Crowley 0-0: Swinging Strike
0-1: Ball
1-1: Called Strike
1-2: Strikes out swinging
Top of the 7th over - 2 runs, 2 hits, 0 errors, 0 left on base; Montgomery 4 - Mobile 2
BOTTOM OF THE 7TH
Mobile Bears batting - Pitching for Montgomery Rebels : LHP Shane Rawley
Batting: RHB Jose Aguirre 0-0: Ground out 6-3 (Groundball, 6, EV 77.5 MPH)
Batting: SHB Paul Hundhammer 0-0: Ball
1-0: Called Strike
1-1: Foul Ball, location: 2F
1-2: Foul Ball, location: 2F
1-2: Fly out, F2 (Popup, 3SF, EV 82.5 MPH)
Batting: RHB Rick Stromer 0-0: Ball
1-0: Ball
2-0: Called Strike
2-1: Ball
3-1: Called Strike
3-2: Ground out 6-3 (Groundball, 6, EV 80.6 MPH)
Bottom of the 7th over - 0 runs, 0 hits, 0 errors, 0 left on base; Montgomery 4 - Mobile 2
TOP OF THE 8TH
Montgomery Rebels batting - Pitching for Mobile Bears : RHP Jose Villamil
Batting: RHB Roberto Palacios 0-0: Called Strike
0-1: Ball
1-1: Ground out 3-1 (Groundball, 34, EV 86.9 MPH)
Batting: SHB Arthur Fischetti 0-0: Ball
1-0: Ball
2-0: Ball
3-0: Base on Balls
Batting: RHB Jeff Schumaker 0-0: Called Strike
0-1: Grounds into double play, 5-4-3 (Groundball, 5, EV 105.0 MPH)
Top of the 8th over - 0 runs, 0 hits, 0 errors, 0 left on base; Montgomery 4 - Mobile 2
BOTTOM OF THE 8TH
Mobile Bears batting - Pitching for Montgomery Rebels : LHP Shane Rawley
Batting: RHB Jim Opie 0-0: Swinging Strike
0-1: DOUBLE (Groundball, 5L, EV 108.1 MPH)
Batting: LHB Jeffrey Szczecinski 0-0: Ball
1-0: Ball
2-0: Called Strike
2-1: Ball
3-1: DOUBLE (Groundball, 3D, EV 103.1 MPH)
Jim Opie scores
Pitching: LHP Vincent Monti
Batting: RHB Bob Hendershot 0-0: Ball
1-0: Ball
2-0: Ball
3-0: Base on Balls
Batting: LHB Franklin Stubbs 0-0: Ball
1-0: Ball
2-0: Foul Ball, location: 2F
2-1: Foul Ball, location: 2F
2-2: Fly out, F8 (Line Drive, 8RD, EV 95.0 MPH)
Runner from 2nd tags up, SAFE at 3rd with throw by CF
Batting: SHB Dave Cochrane 0-0: Ball
1-0: DOUBLE (Line Drive, 9LS, EV 101.9 MPH)
Jeffrey Szczecinski scores
Bob Hendershot to third
Runner from 3rd tries for Home, SAFE, throw by RF to trailing runner, OUT at third! 9-3-5
Batting: LHB Ken Smith 0-0: Ball
1-0: Ball
2-0: Foul Ball, location: 2F
2-1: Ball
3-1: Foul Ball, location: 2F
3-2: Base on Balls
Batting: RHB Jose Aguirre 0-0: Ball
1-0: Called Strike
1-1: Ball
2-1: Ball
3-1: Foul Ball, location: 2F
3-2: Ground out 6-3 (Groundball, 6, EV 90.0 MPH)
Bottom of the 8th over - 3 runs, 3 hits, 0 errors, 1 left on base; Montgomery 4 - Mobile 5
TOP OF THE 9TH
Montgomery Rebels batting - Pitching for Mobile Bears : RHP Jose Villamil
Pitching: RHP Dave S Smith
Now at 3B: Alfred Welch
Pinch Hitting: LHB Dustin Hipp 0-0: Ground out 4-3 (Groundball, 4, EV 85.6 MPH)
Pinch Hitting: SHB Billy Malpas 0-0: Ground out 5-3 (Groundball, 5, EV 104.4 MPH)
Batting: LHB Chris Stropolo 0-0: Called Strike
0-1: Ball
1-1: Foul Ball, location: 2F
1-2: Ball
2-2: Ball
3-2: Fly out, F2 (Popup, 25F, EV 78.1 MPH)
Top of the 9th over - 0 runs, 0 hits, 0 errors, 0 left on base; Montgomery 4 - Mobile 5
Friday, August 7th, 2020 - OOTP Baseball 21.5 Build 76